 Dungeon Crawl Stone Soup version 0.30.1-5-ged363bc7ee (webtiles) character file.

Game seed: 14320353175211851286

57686 safid the Warrior (level 14, -13/133 HPs)
             Began as a Merfolk Ice Elementalist on Sept 19, 2023.
             Was a High Priest of Vehumet.
             Mangled by an enormous slime creature (50 damage)
             ... on level 12 of the Dungeon.
             The game lasted 00:43:01 (17394 turns).

safid the Warrior (Merfolk Ice Elementalist)       Turns: 17394, Time: 00:43:02

Health: -13/133    AC: 25    Str: 16    XL:     14   Next: 87%
Magic:  23/35      EV: 16    Int: 18    God:    Vehumet [*****.]
Gold:   1020       SH:  0    Dex: 14    Spells: 23/30 levels left

rFire   + . .        l - +7 staff of the Meek {protect, meekguard}
rCold   + + .        (shield currently unavailable)
rNeg    . . .        I - +2 robe {rC+ rF+}
rPois   .            J - +2 helmet
rElec   .            m - +1 cloak
rCorr   .            a - +2 pair of gloves
SInv    .            y - +3 pair of mountain boots {steadfast, rC+}
Will    +....        g - amulet of regeneration
Stlth   ++           h - +6 ring of strength
HPRegen 1.22/turn    K - ring of magical power
MPRegen 0.24/turn

%: no passive effects
@: ice-armoured, freezing walls
A: (nimble swimmer 2), mertail
a: Renounce Religion


You were on level 12 of the Dungeon.
You worshipped Vehumet.
Vehumet was extremely pleased with you.
You visited 3 branches of the dungeon, and saw 18 of its levels.
You also visited: Sewer.

You collected 1174 gold pieces.
You spent 154 gold pieces at shops.

Inventory:

Hand Weapons
 l - the +7 staff of the Meek (weapon) {protect, meekguard}
   (You found it on level 2 of the Dungeon)
Armour
 a - a +2 pair of gloves (worn)
 m - a +1 cloak (worn)
 y - the +3 pair of mountain boots (worn) {steadfast, rC+}
   (You found it on level 1 of the Lair of Beasts)

   Steadfast: It prevents involuntary movement, except for blinking,
   teleportation, or banishment.
   rC:        It protects you from cold.
 I - a +2 robe of resistance (worn)
 J - a +2 helmet (worn)
Jewellery
 d - a ring of poison resistance
 g - an amulet of regeneration (around neck)
 h - a +6 ring of strength (left hand)
 D - a ring of ice
 K - a ring of magical power (right hand)
Wands
 k - a wand of roots (20)
 C - a wand of digging (4)
 E - a wand of polymorph (7)
 G - a wand of quicksilver (17)
 M - a wand of charming (5)
 N - a wand of flame (11)
Scrolls
 b - 4 scrolls of fog
 f - a scroll of magic mapping {unknown}
 j - a scroll of silence {unknown}
 o - 2 scrolls of teleportation
 x - 5 scrolls of enchant weapon
 z - 2 scrolls of summoning
 A - 3 scrolls of amnesia
 F - 2 scrolls of fear {unknown}
 H - 3 scrolls of blinking
 L - a scroll of poison {unknown}
Potions
 c - 4 potions of brilliance
 e - 9 potions of curing
 i - 3 potions of magic
 n - a potion of cancellation {unknown}
 p - 4 potions of heal wounds
 q - 2 potions of might {unknown}
 r - 5 potions of flight
 s - a potion of attraction {unknown}
 t - a potion of berserk rage {unknown}
 u - 4 potions of ambrosia
 v - a potion of invisibility {unknown}
 w - 3 potions of haste
 B - 3 potions of lignification {unknown}


   Skills:
 + Level 19.3 Fighting
 + Level 9.3 Dodging
 - Level 2.1 Stealth
 + Level 8.7 Spellcasting
 + Level 16.4 Ice Magic


You had 23 spell levels left.
You knew the following spells:

 Your Spells              Type           Power      Damage    Failure   Level
a - Freeze                Ice            100%       1d10      0%          1
b - Frozen Ramparts       Ice            100%       1d16      1%          3
c - Ozocubu's Armour      Ice            61%        N/A       1%          3

Your spell library contained the following spells:

 Spells                   Type           Power      Damage    Failure   Level
 Sticky Flame             Conj/Fire      7%         2d3       22%         4
 Ensorcelled Hibernation  Hex/Ice        74%        N/A       1%          2
 Kiss of Death            Conj/Necr      28%        2d7       2%          1
 Summon Ice Beast         Ice/Summ       37%        N/A       3%          4
 Dazzling Flash           Conj/Hex       14%        N/A       7%          3
 Slow                     Hex            28%        N/A       9%          1
 Passwall                 Tmut/Erth      5%         N/A       14%         2
 Call Canine Familiar     Summ           7%         N/A       26%         3
 Confusing Touch          Hex            7%         N/A       26%         3
 Portal Projectile        Hex/Tloc       14%        N/A       26%         3
 Swiftness                Air            7%         N/A       26%         3
 Vampiric Draining        Necr           7%         2d6       26%         3
 Vhi's Electric Charge    Tloc/Air       14%        N/A       26%         3
 Arcjolt                  Conj/Air       3%         1d13      50%         5
 Lee's Rapid Deconstruct  Erth           3%         3d5*      50%         5
 Dispel Undead            Necr           7%         3d8       65%         4
 Leda's Liquefaction      Hex/Erth       3%         N/A       65%         4
 Agony                    Necr           7%         N/A       94%         5
 Silence                  Hex/Air        3%         N/A       94%         5
 Summon Forest            Summ/Tloc      3%         N/A       94%         5
 Eringya's Noxious Bog    Tmut/Pois      3%         N/A       96%         6
 Statue Form              Tmut/Erth      4%         N/A       100%        6
 Summon Hydra             Summ           3%         N/A       100%        7
 Maxwell's Capacitive Co  Air            3%         ∞         100%        8


Dungeon Overview and Level Annotations

Branches:
Dungeon (12/15)            Temple (1/1) D:5            Lair (5/5) D:8
  Swamp (0/4) Lair:3        Snake (0/4) Lair:3          Orc (0/2) D:9
  Sewer (visited)
  Slime: Lair:4-5

Altars:
Ashenzari
Cheibriados
Dithmenos
Elyvilon
Fedhas
Gozag
Hepliaklqana
Kikubaaqudgha
Makhleb
Nemelex Xobeh
Okawaru
Qazlal
Ru
Sif Muna
Trog
Uskayaw
Vehumet
Wu Jian
Xom
Yredelemnul
Zin
The Shining One

Shops:
D:4 :   D:7 =[!

Portals:
Abyss: D:6

Annotations:
D:2 Sigmund
D:5 1 runed translucent door, viagra's ghost, novice HuFi
D:6 2 transporters, Arctor's ghost, novice GrEE
D:9 2 transporters, Fractals's ghost, journeyman NaAr
Lair:3 2 transporters, Pegitz's ghost, journeyman GrBe
Lair:4 exclusion: 3 oklob plants


Innate Abilities, Weirdness & Mutations

((You are very nimble when in or above water. (Stealth+, EV+, Speed+++)))
Your lower body shifts to a powerful aquatic tail in water.


Message History

* * * LOW HITPOINT WARNING * * *
You see here a vampire mosquito corpse.
Items here: ! ) [ †.
Unknown command.
There is an open door, spattered with blood here.
A large slime creature splits.
The vampire mosquito bites you but does no damage.
Two slime creatures merge to form a large slime creature. x2
Unknown command.
Casting: Freeze (safe; 0% risk of failure)
Confirm with . or Enter, or press ? or * to list all spells.
Casting: Frozen Ramparts (safe; 1% risk of failure)
Press: ? - help, Dir - look around, f - activate The walls around you are covered in ice.
The wall freezes the vampire mosquito.
The vampire mosquito barely misses you.
The wall freezes the vampire mosquito.
The vampire mosquito barely misses you.
Unknown command.
Casting: Frozen Ramparts (safe; 1% risk of failure)
Confirm with . or Enter, or press ? or * to list all spells.
A film of ice covers your body!
The wall freezes the vampire mosquito.
The vampire mosquito closely misses you.
The wall freezes the vampire mosquito.
The vampire mosquito closely misses you.
The wall freezes the vampire mosquito but does no damage.
The vampire mosquito completely misses you.
The wall freezes the large slime creature but does no damage.
The wall freezes the large slime creature!
Two slime creatures merge to form an enormous slime creature.
Unknown command.
Casting: Ozocubu's Armour (safe; 1% risk of failure)
Confirm with . or Enter, or press ? or * to list all spells.
Aiming: Freeze (safe; 0% risk of failure)
Press: ? - help, Shift-Dir - straight line, f - enormous slime creature
Aim: an enormous slime creature (heavily wounded)
You freeze the enormous slime creature.
The enormous slime creature is heavily wounded.
The wall freezes the vampire mosquito.
The wall freezes the enormous slime creature.
The enormous slime creature hits you!!!
You die...

... #.## #..#
#.. #.. #.#
#.# # #@#
.♣##♣. #J##
......♣#y.##
.......†††.##
.......'..<.##
......♣#.....#
.♣##♣. #.....+
# #.....#
#....##


You could see an enormous slime creature and a vampire mosquito.

Vanquished Creatures
  Fannar (D:12)
  7 hydras
  A catoblepas (Lair:5)
  A two-headed ogre (D:8)
  A centaur warrior (D:9)
  A boulder beetle (D:11)
  A deep troll shaman (Lair:5)
  8 death yaks (Lair:5)
  Nergalle (Lair:3)
  Pikel (D:9)
  A lindwurm (Lair:5)
  An ugly thing (D:11)
  2 cyclopes
  A salamander (Lair:3)
  5 black mambas
  25 elephants
  A torpor snail (Lair:4)
  Maggie (D:8)
  13 cane toads
  A gargoyle (D:11)
  A rime drake (Lair:5)
  12 komodo dragons
  4 trolls
  3 polar bears
  A hornet (D:8)
  11 blink frogs
  3 shadows
  2 slime creatures
  A wraith (D:10)
  5 wyverns
  9 basilisks
  52 yaks
  8 vampire mosquitoes
  3 steam dragons
  Menkaure (D:6)
  3 acid dragons
  2 swamp worms (Lair:3)
  17 water moccasins
  A sky beast (D:6)
  5 black bears
  5 orc warriors
  2 ice beasts (D:6)
  23 wolves
  An ogre (D:7)
  3 centaurs (D:9)
  A phantom (D:5)
  3 lemures (D:9)
  16 bullfrogs
  4 gnoll sergeants
  2 scorpions (D:5)
  4 wights (D:9)
  2 killer bees
  4 howler monkeys
  3 lava snakes (Lair:3)
  3 jellies
  2 hounds
  3 orc priests
  2 gnoll boudas
  4 sleepcaps
  Jessica (D:3)
  Natasha (thrice) (D:2)
  3 iguanas
  10 orc wizards
  19 gnolls
  14 adders
  2 river rats (Sewer)
  2 shadow imps (D:7)
  A white imp (D:7)
  2 ufetubi
  2 worms (D:3)
  6 dart slugs
  43 orcs
  3 bats
  10 endoplasms
  A giant cockroach (D:3)
  8 goblins
  8 hobgoblins
  2 jackals (D:5)
  5 quokkas
  10 ball pythons
  8 frilled lizards
  16 kobolds
  11 rats
495 creatures vanquished.

Notes
Turn   | Place    | Note
-------+----------+-------------------------------------------
     0 | D:1      | safid the Merfolk Ice Elementalist began the quest for the
                  | Orb.
     0 | D:1      | Reached XP level 1. HP: 13/13 MP: 3/3
   177 | D:1      | Reached XP level 2. HP: 11/20 MP: 3/5
   235 | D:1      | Reached skill level 1 in Fighting
   763 | D:1      | Reached XP level 3. HP: 26/26 MP: 6/6
   767 | D:1      | Learned a level 3 spell: Frozen Ramparts
  1143 | D:2      | Noticed Sigmund
  1156 | D:2      | Found a sparkling altar of Nemelex Xobeh.
  1173 | D:2      | Found the +7 staff of the Meek {protect, meekguard}
  1219 | D:2      | Found a faded altar of an unknown god.
  1219 | D:2      | Noticed Natasha
  1226 | D:2      | Killed Natasha
  1227 | D:2      | Reached skill level 2 in Fighting
  1227 | D:2      | Reached skill level 5 in Ice Magic
  1227 | D:2      | Reached XP level 4. HP: 24/33 MP: 3/8
  1318 | D:2      | Noticed Natasha
  1328 | D:2      | Killed Natasha
  1529 | D:2      | Noticed Natasha
  1536 | D:2      | Killed Natasha
  1537 | D:2      | Reached XP level 5. HP: 40/40 MP: 4/9
  1662 | D:3      | Noticed Jessica
  1676 | D:3      | Killed Jessica
  1677 | D:3      | Reached skill level 3 in Fighting
  1689 | D:3      | Learned a level 3 spell: Ozocubu's Armour
  1774 | D:3      | Found a sacrificial altar of Ru.
  1791 | D:3      | Reached XP level 6. HP: 44/47 MP: 4/11
  1806 | D:3      | Found a basalt altar of Yredelemnul.
  1809 | D:3      | Found an iron altar of Okawaru.
  1816 | D:3      | Found a broken altar of Ashenzari.
  1822 | D:3      | Found a hazy altar of Hepliaklqana.
  2016 | D:3      | Found a glowing drain.
  2028 | Sewer    | Entered a sewer
  2210 | Sewer    | Reached skill level 4 in Fighting
  2743 | D:3      | Found a shimmering altar of Xom.
  2991 | D:4      | Found Zyejocly's General Store.
  3013 | D:4      | Noticed a black bear
  3023 | D:4      | Killed a black bear
  3024 | D:4      | Reached XP level 7. HP: 55/55 MP: 7/13
  3273 | D:4      | Found Betsoo's Book Shoppe.
  3654 | D:5      | Entered Level 5 of the Dungeon
  3811 | D:5      | Reached skill level 5 in Fighting
  3874 | D:5      | Found a staircase to the Ecumenical Temple.
  3883 | Temple   | Entered the Ecumenical Temple
  4199 | D:5      | Reached XP level 8. HP: 62/62 MP: 8/15
  4330 | D:5      | Reached skill level 5 in Spellcasting
  4598 | D:5      | Found a runed translucent door.
  4598 | D:5      | Noticed viagra's ghost (novice HuFi)
  4598 | D:5      | Noticed a two-headed ogre
  4675 | D:5      | Found a bloodstained altar of Trog.
  5102 | D:6      | Reached skill level 6 in Fighting
  5503 | D:6      | Found a transporter.
  5512 | D:6      | Found a transporter.
  5530 | D:6      | Noticed Menkaure
  5536 | D:6      | Killed Menkaure
  5883 | D:6      | Reached XP level 9. HP: 63/71 MP: 12/18
  6012 | D:6      | Reached skill level 7 in Fighting
  6101 | D:6      | Found a one-way gate to the infinite horrors of the Abyss.
  6101 | D:6      | Noticed Arctor's ghost (novice GrEE)
  6448 | D:7      | Found Tahunov's Distillery.
  6456 | D:7      | Bought a potion of curing for 36 gold pieces
  6486 | D:7      | Found Zuuc's Jewellery Boutique.
  6719 | D:7      | Reached skill level 5 in Dodging
  6937 | D:7      | Noticed a cyclops
  6948 | D:7      | Killed a cyclops
  6949 | D:7      | Reached skill level 8 in Fighting
  6949 | D:7      | Reached XP level 10. HP: 69/80 MP: 12/20
  7115 | D:7      | Found Kaovvius's Antique Armour Boutique.
  7162 | D:7      | Bought an embroidered robe for 118 gold pieces
  7325 | D:8      | Noticed Maggie
  7340 | D:8      | Killed Maggie
  7763 | D:8      | Found a staircase to the Lair.
  7837 | D:8      | Found an opulent altar of Gozag.
  7901 | D:8      | Found a burning altar of Makhleb.
  8036 | D:8      | Reached skill level 10 in Ice Magic
  8303 | D:8      | Noticed a two-headed ogre
  8311 | D:8      | Killed a two-headed ogre
  8312 | D:8      | Reached skill level 9 in Fighting
  8434 | D:9      | Noticed a moth of wrath
  8438 | D:9      | Found a transporter.
  8445 | D:9      | Found a transporter.
  8449 | D:9      | Noticed Fractals's ghost (journeyman NaAr)
  8576 | D:9      | Reached XP level 11. HP: 84/90 MP: 9/23
  8652 | D:9      | Noticed a centaur warrior
  8662 | D:9      | Killed a centaur warrior
  8663 | D:9      | Reached skill level 10 in Fighting
  9086 | D:9      | Noticed Pikel
  9094 | D:9      | Killed Pikel
  9134 | D:9      | Found a staircase to the Orcish Mines.
  9224 | D:9      | Found a radiant altar of Vehumet.
  9420 | D:9      | Became a worshipper of Vehumet
  9502 | D:10     | Entered Level 10 of the Dungeon
  9553 | D:10     | Reached skill level 11 in Fighting
 10002 | D:10     | Reached * piety under Vehumet
 10002 | D:10     | Offered knowledge of Sandblast by Vehumet.
 10117 | D:10     | Found a white marble altar of Elyvilon.
 10117 | D:10     | Found a glowing golden altar of the Shining One.
 10118 | D:10     | Found a glowing silver altar of Zin.
 10268 | Lair:1   | Entered Level 1 of the Lair of Beasts
 10390 | Lair:1   | Noticed a five-headed hydra
 10393 | Lair:1   | Reached skill level 12 in Fighting
 10394 | Lair:1   | Noticed an eight-headed hydra
 10457 | Lair:1   | Found the +3 pair of mountain boots {steadfast, rC+}
 10726 | Lair:1   | Killed a five-headed hydra
 10727 | Lair:1   | Reached XP level 12. HP: 98/103 MP: 24/24
 11132 | Lair:1   | Reached skill level 13 in Fighting
 11243 | Lair:1   | Killed an eight-headed hydra
 11338 | Lair:1   | Reached ** piety under Vehumet
 11344 | Lair:1   | Offered knowledge of Poisonous Vapours by Vehumet.
 11671 | Lair:2   | Noticed a six-headed hydra
 11678 | Lair:2   | Killed a six-headed hydra
 11713 | Lair:2   | Reached skill level 14 in Fighting
 11843 | Lair:2   | Reached skill level 15 in Ice Magic
 11892 | Lair:2   | Reached XP level 13. HP: 103/114 MP: 25/25
 12192 | Lair:2   | Offered knowledge of Inner Flame by Vehumet.
 12703 | Lair:3   | Reached skill level 15 in Fighting
 12913 | Lair:3   | Found a staircase to the Snake Pit.
 13020 | Lair:3   | Found a transporter.
 13022 | Lair:3   | Found a transporter.
 13026 | Lair:3   | Found a bloodstained altar of Trog.
 13026 | Lair:3   | Noticed Pegitz's ghost (journeyman GrBe)
 13099 | Lair:3   | Reached *** piety under Vehumet
 13320 | Lair:3   | Noticed Nergalle
 13337 | Lair:3   | Killed Nergalle
 13385 | Lair:3   | Reached skill level 16 in Fighting
 13532 | Lair:3   | Offered knowledge of Iskenderun's Mystic Blast by Vehumet.
 13697 | Lair:3   | Found a staircase to the Swamp.
 14031 | Lair:4   | Found an ancient bone altar of Kikubaaqudgha.
 14056 | Lair:4   | Reached skill level 17 in Fighting
 14218 | Lair:4   | Reached **** piety under Vehumet
 14224 | Lair:4   | Offered knowledge of Sticky Flame by Vehumet.
 14418 | Lair:5   | Entered Level 5 of the Lair of Beasts
 14436 | Lair:5   | Reached XP level 14. HP: 118/128 MP: 26/26
 14602 | Lair:5   | Reached skill level 18 in Fighting
 15432 | Lair:5   | Reached skill level 19 in Fighting
 15996 | Lair:5   | Identified the +5 scale mail of Koneproku {rF+ Str+2}
 17301 | D:12     | Noticed Fannar
 17309 | D:12     | Reached ***** piety under Vehumet
 17321 | D:12     | Killed Fannar
 17394 | D:12     | Mangled by an enormous slime creature

Illustrated notes

Levels and vault maps discovered:
D:1:      tarquinn_simple_flora_water_c, layout_loops_ring,
          serial_park_tiny_pond
D:2:      layout_rooms, shapermc_ecumenical_altar_gd, basic_altar,
          minmay_hexomino_f4, uniq_natasha, uniq_sigmund
D:3:      layout_basic, mainiacjoe_overflow_alcove_2,
          nicolae_overflow_hallway_of_the_gods, portal_sewer_entry_d,
          lexackson_kobold_supper, uniq_jessica
D:4:      layout_basic, serial_shops, shop, shop
D:5:      layout_loops_corners, mainiacjoe_overflow_surrounded_room,
          temple_hall, ebering_ghost_inner_flame
D:6:      layout_loops_corners, gammafunk_ghost_abyssal_escape,
          grunt_decor_one_mirror, kennysheep_generic_room_14, uniq_menkaure
D:7:      minmay_slanted_spiral_squares, layout_rooms, serial_shops,
          shop_fountains, nicolae_shop_tiny_statue_garden, shop,
          due_unseen_surprise
D:8:      layout_basic, nicolae_gozag_seed_capital, lemuel_doored_altar,
          lair_entry_dummy, uniq_maggie
D:9:      minmay_ornate_pinched, layout_loops_ring, nicolae_vehumet_radiance,
          orc_david_3, gammafunk_ghost_berserking_beasts, uniq_pikel
D:10:     layout_roguey, good_gods_temple_1, kennysheep_generic_room_13
D:11:     layout_irregular_city
D:12:     layout_loops_corners, kennysheep_dice, uniq_fannar
Temple:   hellmonk_temple_rainy
Lair:1:   layout_cave_shapes, hangedman_lair_generics_rect, lemuel_fruit_fields,
          infiniplex_staircase_pool
Lair:2:   layout_chaotic_city, beast_lair_carwin_8, grunt_megastairs_5
Lair:3:   layout_roguey, palyth_hydra_swamp_entry,
          nicolae_snake_entry_warm_welcome, gammafunk_ghost_wrathful_warriors,
          uniq_nergalle
Lair:4:   layout_big_grid, minmay_slime_entry_oklob_open, basic_altar,
          nicolae_volcano_entry_lava_flow
Lair:5:   grunt_lair_end_beastmaster, layout_cave_pods,
          kennysheep_basilisk_garden

Skill      XL: |  1  2  3  4  5  6  7  8  9 10 11 12 13 14 |
---------------+-------------------------------------------+-----
Fighting       | 1 2 3 4 5 6 8 9 12 14 17 19 | 19.3
Ice Magic      | 5 6 7 8 9 10 13 15 16 | 16.4
Spellcasting   | 3 4 6 7 8 |  8.7
Dodging        | 3 6 8 9 |  9.3
Stealth        | |  2.1

Action                     |  1- 3 |  4- 6 |  7- 9 | 10-12 | 13-15 || total
---------------------------+-------+-------+-------+-------+-------++-------
  Melee: Club              |    25 |       |       |       |       ||    25
         Unarmed           |     5 |       |       |       |       ||     5
         Short sword       |    26 |       |       |       |       ||    26
         Dagger            |     4 |       |       |       |       ||     4
         Quarterstaff      |     2 |   125 |   134 |   322 |   466 ||  1049
         Tailslap          |       |       |       |     3 |     2 ||     5
   Cast: Freeze            |    26 |    16 |       |    21 |    73 ||   136
         Frozen Ramparts   |     1 |     7 |    34 |    54 |    85 ||   181
         Ozocubu's Armour  |       |     3 |    32 |    42 |    73 ||   150
    Use: Potion            |     1 |     2 |       |       |     5 ||     8
         Scroll            |       |       |     7 |     6 |    10 ||    23
   Stab: Sleeping          |     3 |     5 |     3 |     2 |     1 ||    14
         Petrified         |       |       |       |       |     3 ||     3
 Armour: Robe              |    19 |    61 |    55 |   264 |   508 ||   907
  Dodge: Dodged            |    53 |   109 |   160 |   457 |   675 ||  1454
